Map: Ruins of Seras

Players

Kapu (Jade)

  • Race: Protoss Protoss

CatZ - Winner!

  • Race: Zerg Zerg

Event: LycanGTV LotV Beta Tournament 1

VOD

Have the link to the VOD?

Description

Time

  • Played on: April 2, 2015, 1:35 p.m.
  • Length: 8:32

All games in this series

Show
View Real Time Build Order
Export as new Build Order

Kapu Protoss 

Build Orders:  

Get SALT Encoding   

  12  0:01  Probe  
  13  0:14  Pylon  
  13  0:18  Probe  
  14  0:33  Gateway  
  14  0:35  Probe (Chrono Boost)  
  15  0:45  Probe (Chrono Boost)  
  15  0:48  Assimilator  
  16  0:52  Probe  
  17  0:57  Assimilator  
  17  1:04  Probe (Chrono Boost)  
  18  1:13  Probe (Chrono Boost)  
  19  1:21  Probe, Pylon  
  19  1:23  Cybernetics Core  
  20  1:33  Probe (Chrono Boost)  
  22  1:49  Probe (Chrono Boost)  
  22  1:51  Gateway  
  22  1:53  Gateway  
  22  1:56  Probe  
  22  2:01  Stalker  
  25  2:04  Warp Gate  
  26  2:16  Probe (Chrono Boost)  
  26  2:21  Robotics Facility  
  26  2:25  Probe  
  27  2:40  Mothership Core  
  29  2:58  Nexus  
  29  3:12  Pylon  
  29  3:14  Observer (Chrono Boost)  
  30  3:30  Probe, Immortal (Chrono Boost)  
  30  3:32  Stalker  
  37  3:37  Pylon  
  37  3:58  Immortal (Chrono Boost)  
  37  4:01  Probe  
  42  4:08  Zealot  
  42  4:09  Zealot  
  46  4:12  Probe  
  47  4:20  Sentry  
  47  4:21  Probe  
  47  4:24  Probe  
  51  4:33  Probe  
  55  4:38  Immortal (Chrono Boost)  
  55  4:43  Sentry  
  57  4:46  Probe x2  
  59  4:53  Pylon  
  60  5:08  Observer (Chrono Boost)  
  61  5:14  Probe (Chrono Boost), Forge  
  61  5:16  Probe (Chrono Boost)  
  61  5:21  Stalker x3  
  68  5:34  Pylon  
  68  5:35  Gateway  
  68  5:47  Photon Cannon  
  68  5:52  Probe x2  
  68  5:53  Twilight Council  
  68  5:55  Protoss Ground Weapons Level 1 (Chrono Boost)  
  70  6:04  Probe x2  
  70  6:06  Zealot x2  
  74  6:16  Probe x2, Observer  
  69  6:23  Stalker  
  59  6:28  Probe x2  
  60  6:34  Stalker x2  
  60  6:39  Zealot  
  65  6:40  Probe  
  64  6:50  Immortal (Chrono Boost)  
  67  6:54  Zealot  
  65  7:04  Stalker  
  63  7:11  Probe (Chrono Boost)  
  63  7:13  Zealot x2  
  63  7:14  Probe (Chrono Boost)  
  64  7:23  Probe (Chrono Boost)  
  64  7:25  Probe (Chrono Boost)  
  66  7:30  Probe (Chrono Boost)  
  66  7:31  Probe (Chrono Boost)  
  67  7:40  Probe (Chrono Boost)  
  67  7:41  Sentry, Zealot, Assimilator x2  
  67  7:43  Probe (Chrono Boost)  
  73  7:49  Stalker  
  75  7:56  Photon Cannon  
  75  8:15  Pylon  
  75  8:18  Pylon  
  76  8:21  Gateway  
  76  8:26  Photon Cannon  
Show
View Real Time Build Order
Export as new Build Order

CatZ Zerg - Winner!

Build Orders: Hatch First, Roach Nydus 

Get SALT Encoding   

  12  0:01  Drone  
  13  0:12  Overlord  
  13  0:18  Drone  
  14  0:30  Drone x2  
  14  0:34  Drone  
  17  0:52  Hatchery  
  16  0:58  Drone  
  16  0:59  Drone  
  18  1:12  Spawning Pool  
  18  1:15  Drone  
  18  1:19  Extractor  
  18  1:20  Drone  
  18  1:31  Overlord  
  18  1:39  Drone  
  19  1:55  Drone  
  19  1:58  Queen  
  22  2:07  Hatchery  
  21  2:15  Queen  
  23  2:22  Overlord  
  23  2:25  Drone  
  23  2:26  Drone x4  
  29  2:35  Metabolic Boost  
  29  2:39  Drone x2  
  31  2:47  Zergling x2  
  31  2:49  Zergling x2  
  33  2:55  Spine Crawler  
  33  2:56  Drone  
  33  2:58  Drone  
  34  3:07  Lair  
  34  3:09  Drone x4  
  38  3:13  Drone  
  38  3:14  Extractor  
  38  3:18  Extractor  
  37  3:22  Roach Warren  
  37  3:24  Drone  
  37  3:25  Drone  
  38  3:27  Drone  
  38  3:31  Drone  
  40  3:34  Drone  
  40  3:41  Drone x3  
  43  3:48  Overlord  
  43  3:55  Overlord  
  43  4:00  Drone, Extractor  
  43  4:06  Glial Reconstitution  
  43  4:09  Burrow, Roach  
  49  4:10  Roach x2  
  49  4:11  Roach  
  49  4:13  Drone  
  52  4:21  Overlord  
  52  4:23  Drone x3  
  55  4:30  Roach  
  55  4:31  Roach  
  59  4:33  Overlord  
  58  4:50  Roach x5  
  58  4:51  Roach  
  70  4:55  Overlord  
  70  4:57  Roach  
  70  4:58  Roach  
  74  5:04  Nydus Network  
  73  5:13  Roach  
  73  5:14  Roach x2  
  79  5:16  Overlord  
  79  5:21  Ravager x3  
  82  5:23  Roach x3  
  82  5:29  Roach  
  84  5:37  Roach x4  
  92  5:45  Nydus Canal  
  92  5:51  Overlord  
  92  5:54  Overlord  
  92  6:00  Overlord  
  90  6:08  Roach  
  82  6:19  Roach x3  
  82  6:21  Roach x4  
  82  6:22  Roach x2  
  81  6:28  Spire  
  81  6:32  Drone x3  
  83  6:33  Drone  
  83  6:35  Roach  
  84  6:42  Zergling x2  
  75  7:02  Roach x2  
  75  7:05  Drone  
  75  7:06  Drone x2  
  75  7:07  Overlord  
  73  7:10  Zergling x12  
  73  7:11  Zergling x2  
  67  7:23  Hatchery  
  64  7:41  Mutalisk x8  
  64  7:44  Mutalisk, Roach  
  80  7:50  Zergling x2  
  84  7:58  Zergling x8  
  84  7:59  Zergling x4  
  88  8:06  Roach  
  89  8:21  Spine Crawler  
  89  8:22  Spine Crawler x2  
  89  8:23  Spine Crawler  

Tags
 
Add a new tag
Caveats
  • Supply blocks, unpowered buildings, or Contaminate may cause inaccurate times.
  • Supply counts are checked every 10 seconds.